 Dungeon Crawl Stone Soup version 0.31-a0-426-g3a05650e59 (webtiles) character file.

Game seed: 18325055728786317376

79786 Shard1697 the Brawler (level 15, 0/128 HPs)
             Began as a Ghoul Monk on July 31, 2023.
             Was the Champion of Makhleb.
             Killed from afar by a gargoyle (illusionary) (17 damage)
             ... with a stone arrow
             ... on level 13 of the Dungeon.
             The game lasted 00:49:18 (20016 turns).

Shard1697 the Brawler (Ghoul Monk)                 Turns: 20016, Time: 00:49:19

Health: 0/128      AC: 27    Str: 21    XL:     15   Next: 64%
Magic:  0/32       EV: 16    Int:  5    God:    Makhleb [******]
Gold:   1200       SH:  7    Dex: 13    Spells: 14/14 levels left

rFire   . .          .
                       - Unarmed
rCold   + + .        q - +0 buckler
rNeg    + + +        r - +4 plate armour {rC+}
rPois   ∞            H - +2 hat
rElec   .            f - +0 cloak
rCorr   .            (no gloves)
SInv    .            n - +1 pair of boots
Will    +....        l - amulet of guardian spirit Stlth
                     h - +5 ring of evasion
HPRegen 0.00/turn    I - ring of the Octopus King {HP+2 MP+9 AC+2 EV+2 SH+2}
MPRegen 0.23/turn

%: guardian spirit
@: inhibited regen
A: claws 1, cold resistance 1, negative energy resistance 3, inhibited
regeneration, torment resistance 2, devour on kill
a: Renounce Religion, Minor Destruction, Lesser Servant of Makhleb, Major
Destruction, Greater Servant of Makhleb


You were on level 13 of the Dungeon.
You worshipped Makhleb.
Makhleb was exalted by your worship.
You visited 3 branches of the dungeon, and saw 19 of its levels.
You also visited: Bailey, Gauntlet and Ice Cave.

You collected 1720 gold pieces.
You spent 520 gold pieces at shops.

Inventory:

Missiles
 b - 2 throwing nets
Armour
 f - a +0 cloak (worn)
 n - a +1 pair of boots (worn)
 q - a +0 buckler (worn)
 r - a +4 plate armour of cold resistance (worn)
 H - a +2 hat (worn)
Jewellery
 h - a +5 ring of evasion (left claw)
 j - a ring of see invisible
 k - the ring of the Purple Skies {rN+ Int+7}
   (You found it in a Gauntlet)

   [ring of positive energy]

   Int:       It affects your intelligence (+7).
   rN:        It protects you from negative energy.
 l - an amulet of guardian spirit (around neck)
 s - a +6 ring of strength
 F - a ring of willpower
 I - a ring of the Octopus King (right claw) {HP+2 MP+9 AC+2 EV+2 SH+2}
   (You found it on level 5 of the Lair of Beasts)

   [ring of magical power]

   AC:        It affects your AC (+2).
   EV:        It affects your evasion (+2).
   HP:        It affects your health (+2).
   MP:        It affects your magic capacity (+9).
   SH:        It affects your SH (+2).
 L - a ring of protection from fire
 N - a ring of resist corrosion
Wands
 i - a wand of roots (14)
 v - a wand of mindburst (36)
 w - a wand of paralysis (24)
 x - a wand of light (7)
 y - a wand of digging (6)
 C - a wand of flame (35)
Scrolls
 a - 16 scrolls of teleportation
 u - 3 scrolls of revelation
 B - 2 scrolls of fog
 D - a scroll of enchant armour
 K - 3 scrolls of identify
Potions
 c - a potion of resistance
 d - 2 potions of might
 e - 7 potions of curing
 o - 3 potions of cancellation
 p - 4 potions of enlightenment
 t - 2 potions of haste
 z - a potion of magic
 A - 2 potions of invisibility
 G - 2 potions of brilliance
Miscellaneous
 m - a lightning rod (4/4)
 J - a phantom mirror


   Skills:
 - Level 10.0 Fighting
 - Level 11.0 Armour
 * Level 8.9 Dodging
 - Level 6.0 Stealth
 - Level 5.0 Shields
 + Level 18.3 Unarmed Combat
 + Level 12.5 Invocations


You had 14 spell levels left.
You didn't know any spells.
Your spell library contained the following spells:

 Spells                   Type           Power      Damage    Failure   Level
 Apportation              Tloc           0%         N/A       100%        1
 Sandblast                Erth           0%         2d4       100%        1
 Slow                     Hex            0%         N/A       100%        1
 Sting                    Tmut/Pois      0%         1d3       100%        1
 Summon Small Mammal      Summ           0%         N/A       100%        1
 Cigotuvi's Dreadful Rot  Necr/Pois/Air  0%         N/A       100%        2
 Ensorcelled Hibernation  Hex/Ice        0%         N/A       100%        2
 Lesser Beckoning         Tloc           0%         N/A       100%        2
 Passwall                 Tmut/Erth      0%         N/A       100%        2
 Poisonous Vapours        Pois/Air       0%         N/A       100%        2
 Scorch                   Fire           0%         2d5       100%        2
 Call Canine Familiar     Summ           0%         N/A       100%        3
 Confusing Touch          Hex            0%         N/A       100%        3
 Dazzling Flash           Conj/Hex       0%         N/A       100%        3
 Gell's Gravitas          Tloc           0%         N/A       100%        3
 Ignite Poison            Fire/Tmut/Pois 0%         N/A       100%        3
 Mephitic Cloud           Conj/Pois/Air  0%         N/A       100%        3
 Stone Arrow              Conj/Erth      0%         3d7       100%        3
 Summon Guardian Golem    Hex/Summ       0%         N/A       100%        3
 Swiftness                Air            0%         N/A       100%        3
 Teleport Other           Tloc           0%         N/A       100%        3
 Vampiric Draining        Necr           0%         2d6       100%        3
 Volatile Blastmotes      Fire/Tloc      0%         2d10      100%        3
 Flame Wave               Conj/Fire      0%         2d4       100%        4
 Manifold Assault         Tloc           0%         N/A       100%        4
 Olgreb's Toxic Radiance  Pois           0%         N/A       100%        4
 Sticky Flame             Conj/Fire      0%         2d3       100%        4
 Summon Lightning Spire   Summ/Air       0%         N/A       100%        4
 Alistair's Intoxication  Tmut/Pois      0%         N/A       100%        5
 Arcjolt                  Conj/Air       0%         1d10      100%        5
 Freezing Cloud           Conj/Ice/Air   0%         6-21      100%        5
 Irradiate                Conj/Tmut      0%         3d11      100%        5
 Dispersal                Tloc           0%         N/A       100%        6
 Plasma Beam              Fire/Air       0%         2x1d10    100%        6
 Starburst                Conj/Fire      0%         6d3       100%        6
 Summon Cactus Giant      Summ           0%         N/A       100%        6
 Orb of Destruction       Conj           0%         9d5       100%        7
 Discord                  Hex            0%         N/A       100%        8
 Disjunction              Tloc           0%         N/A       100%        8
 Ignition                 Fire           0%         3d3       100%        8
 Maxwell's Capacitive Co  Air            0%         ∞         100%        8
 Chain Lightning          Conj/Air       0%         N/A       100%        9


Dungeon Overview and Level Annotations

Branches:
Dungeon (13/15)            Temple (1/1) D:4            Lair (5/5) D:9
 Shoals (0/4) Lair:2       Spider (0/4) Lair:3        Slime (0/5) Lair:5
    Orc (0/2) D:10         Bailey (visited)           IceCv (visited)
Gauntlet (visited)
 Vaults: D:13-14

Altars:
Ashenzari
Cheibriados
Dithmenos
Fedhas
Gozag
Hepliaklqana
Kikubaaqudgha
Makhleb
Nemelex Xobeh
Okawaru
Qazlal
Ru
Sif Muna
Trog
Uskayaw
Vehumet
Wu Jian
Xom
Yredelemnul

Shops:
D:3 :=   D:5 *   D:6 (   D:13 !

Portals:
Abyss: D:3
Trove: D:10 (give 6 scrolls of fog)

Annotations:
D:3 2 transporters, hotbaconsauce's ghost, weakling MiFi
D:6 exclusion: oklob plant
D:12 Azrael


Innate Abilities, Weirdness & Mutations

You are immune to poison.
You have sharp fingernails.
Your flesh is cold resistant. (rC+)
You are immune to negative energy. (rN+++)
You do not regenerate when monsters are visible.
You are immune to unholy pain and torment.
You thrive by killing the living.


Message History

The efreet blubbers, "Eeeeekkkk!"
The rakshasa blinks!
You see here 4 large rocks.
The gargoyle attacks as you move away! The gargoyle completely misses you.
The rakshasa seems to regain its courage.
The centaur wields a +0 shortbow.
The centaur shoots an arrow.
You block the arrow.
The centaur shoots an arrow.
The arrow closely misses you. The gargoyle attacks as you move away!
The gargoyle hits you with a +0 mace!
* * * LOW HITPOINT WARNING * * *
The rakshasa weaves an illusion.
The gargoyle shimmers and seems to become two!
The gargoyle attacks as you move away! The gargoyle closely misses you.
The gargoyle hurls a stone arrow at you.
The stone arrow hits you!
* * * LOW HITPOINT WARNING * * *
You feel much better.
The rakshasa weaves an illusion.
The centaur shimmers and seems to become two!
The gargoyle hits you but does no damage.
Okay, then.
As you read the scroll of fog, it dissolves into smoke.
The gargoyle closely misses you.
The gargoyle hurls a stone arrow at you.
The stone arrow misses you. The gargoyle attacks as you move away!
The gargoyle hits you with a +0 mace.
You see here a +0 shortbow.
The gargoyle hurls a stone arrow at you.
The stone arrow misses you.
The gargoyle hurls a stone arrow at you.
The stone arrow hits you but does no damage.
The centaur shoots an arrow.
The arrow hits you but does no damage.
The gargoyle hurls a stone arrow at you.
The stone arrow hits you!!
* * * LOW HITPOINT WARNING * * *
The centaur shoots an arrow.
You block the arrow.
The centaur shoots an arrow.
The arrow misses you.
The gargoyle hurls a stone arrow at you.
The stone arrow hits you!!
You die...

## ....# ... ..##
....#.... ...###
....#.... .
#...####.:...... ...
..#...............
.....#.#.#...#.......#
#....#.#..#.#.....#
.#....#.#...∩(.@<.##
.....#.....#.#.....#
#....#....#.9.#.....#
##.......§§............
##.......§§§9............
.........§c§c...)........
.........§§§.§.#.........
.......#§§§§§§.##...###..
.........§§§§.§.#.....


You could see 2 gargoyles and 2 centaurs.

Vanquished Creatures
  An orc warlord (Bailey)
  A reaper (IceCv)
  The ghost of Muulud the Spry, a journeyman SpBe of Trog (Lair:5)
  A minotaur (Gauntlet)
  A centaur warrior (D:13)
  6 hydras
  A merfolk avatar (Lair:5)
  Erica (D:8)
  4 two-headed ogres
  7 death yaks
  A thrashing horror (Gauntlet)
  Amaemon (Lair:3)
  A spectral death yak (Lair:5)
  2 skysharks
  2 sea snakes (Lair:5)
  2 harpies (Lair:5)
  2 lindwurms
  A wolf spider (D:12)
  A deep elf pyromancer (D:12)
  2 oklob plants
  A cyclops (D:13)
  A worldbinder (Gauntlet)
  4 manticores
  A merfolk siren (Lair:2)
  12 elephants
  Joseph (D:8)
  2 smoke demons (Gauntlet)
  An ice statue (IceCv)
  A torpor snail (Lair:4)
  8 black mambas
  An orange demon (Lair:3)
  14 cane toads
  3 rime drakes
  A kobold demonologist (D:9)
  3 unseen horrors
  4 komodo dragons
  An efreet (Gauntlet)
  3 anaconda simulacra (IceCv)
  A troll (D:11)
  A meliai (Lair:3)
  2 red devils (Gauntlet)
  6 polar bears
  3 merfolk (Lair:2)
  4 hornets
  7 dream sheep (Lair:4)
  Prince Ribbit (D:8)
  30 blink frogs
  3 shadows
  5 slime creatures
  Sigmund (D:4)
  6 wyverns
  2 fire elementals
  A wraith (D:12)
  A dire elephant simulacrum (IceCv)
  A vampire (D:12)
  2 basilisks (Lair:1)
  A death yak simulacrum (IceCv)
  22 yaks
  4 steam dragons
  4 vampire mosquitoes (D:12)
  2 harpy simulacra (IceCv)
  A hydra simulacrum (Lair:5)
  4 hell hounds
  13 water moccasins
  A spectral torpor snail (Lair:5)
  3 small abominations (Gauntlet)
  A boulder beetle simulacrum (Lair:5)
  10 orc warriors
  3 ice beasts
  5 black bears
  5 ogres
  2 sky beasts (D:7)
  A boggart (Gauntlet)
  5 wolves
  6 kobold brigands
  10 bullfrogs
  3 gnoll sergeants
  2 cane toad simulacra
  18 wights
  5 two-headed ogre simulacra
  4 scorpions
  2 elephant simulacra (IceCv)
  13 killer bees
  4 howler monkeys
  An electric eel (Lair:2)
  6 crimson imps (Gauntlet)
  10 hounds
  4 jellies
  4 gnoll boudas
  13 orc priests
  Crazy Yiuf (D:6)
  4 sleepcaps
  18 orc wizards
  5 iguanas
  4 spriggan simulacra
  3 troll simulacra
  A polar bear simulacrum (IceCv)
  2 wolf simulacra (IceCv)
  41 gnolls
  8 adders
  5 naga simulacra (IceCv)
  8 white imps
  5 ufetubi
  4 worms
  4 dart slugs
  93 orcs
  6 ball pythons
  16 endoplasms
  3 giant cockroaches
  11 goblins
  8 hobgoblins
  25 jackals
  A quokka (D:2)
  3 bats (D:2)
  A frilled lizard (D:3)
  53 kobolds
  3 rats
706 creatures vanquished.

Vanquished Creatures (collateral kills)
  Frances (D:13)
  Erolcha (D:9)
  A spectral hydra (Lair:5)
  A two-headed ogre simulacrum (D:12)
  A troll simulacrum (IceCv)
5 creatures vanquished.

Vanquished Creatures (others)
  A human (D:6)
  3 kobolds (D:8)
4 creatures vanquished.

Grand Total: 715 creatures vanquished

Notes
Turn   | Place    | Note
-------+----------+-------------------------------------------
     0 | D:1      | Shard1697 the Ghoul Monk began the quest for the Orb.
     0 | D:1      | Reached XP level 1. HP: 19/19 MP: 0/0
     3 | D:1      | Noticed an electric eel
     4 | D:1      | Noticed an electric eel
   100 | D:1      | Reached XP level 2. HP: 23/26 MP: 1/1
   243 | D:1      | Found a faded altar of an unknown god.
   259 | D:1      | Reached skill level 4 in Unarmed Combat
   471 | D:1      | Reached XP level 3. HP: 32/33 MP: 2/2
   764 | D:2      | Reached XP level 4. HP: 23/40 MP: 1/3
   981 | D:2      | Reached skill level 5 in Unarmed Combat
  1338 | D:3      | Found a sparkling altar of Nemelex Xobeh.
  1399 | D:3      | Reached XP level 5. HP: 40/47 MP: 4/4
  1454 | D:3      | Found a transporter.
  1463 | D:3      | Noticed a kobold brigand
  1465 | D:3      | Found a one-way gate to the infinite horrors of the Abyss.
  1465 | D:3      | Noticed hotbaconsauce's ghost (weakling MiFi)
  1639 | D:3      | Reached skill level 6 in Unarmed Combat
  1639 | D:3      | Reached XP level 6. HP: 33/55 MP: 3/5
  1770 | D:3      | Found Teppylytoc's Jewellery Emporium.
  1775 | D:3      | Found Sepyul's Book Shoppe.
  1798 | D:3      | Noticed a small abomination
  1982 | D:3      | Found a transporter.
  2002 | D:3      | Reached skill level 5 in Fighting
  2423 | D:3      | Reached skill level 7 in Unarmed Combat
  2467 | D:3      | Reached XP level 7. HP: 52/61 MP: 6/6
  3013 | D:3      | Reached skill level 8 in Unarmed Combat
  3209 | D:4      | Reached XP level 8. HP: 71/71 MP: 7/7
  3484 | D:4      | Reached skill level 9 in Unarmed Combat
  3502 | D:4      | Found a staircase to the Ecumenical Temple.
  3520 | D:4      | Noticed Sigmund
  3576 | Temple   | Entered the Ecumenical Temple
  3595 | Temple   | Became a worshipper of Makhleb the Destroyer
  3595 | Temple   | Reached * piety under Makhleb
  3595 | Temple   | Reached ** piety under Makhleb
  3761 | D:4      | Killed Sigmund
  3762 | D:4      | Reached skill level 1 in Invocations
  3841 | D:3      | Bought a +4 ring of protection for 360 gold pieces
  4260 | D:5      | Entered Level 5 of the Dungeon
  4263 | D:5      | Reached skill level 10 in Unarmed Combat
  4306 | D:5      | Reached XP level 9. HP: 81/81 MP: 9/9
  4752 | D:5      | Reached *** piety under Makhleb
  4935 | D:5      | Found Dih Qopp's General Store.
  5080 | D:5      | Found a broken altar of Ashenzari.
  5221 | D:5      | Got Sif Muna's Almanac of Inhalation and the Snowflakes
  5438 | D:6      | Reached skill level 11 in Unarmed Combat
  5486 | D:6      | Found a sacrificial altar of Ru.
  5682 | D:6      | Reached skill level 1 in Shields
  5778 | D:6      | Found an ancient bone altar of Kikubaaqudgha.
  5802 | D:6      | Found Goshukky's Weapon Shop.
  6068 | D:6      | Found a runed translucent door.
  6069 | D:6      | Noticed Crazy Yiuf
  6154 | D:6      | Killed Crazy Yiuf
  6226 | D:6      | Found a blossoming altar of Fedhas.
  6237 | D:6      | Noticed an oklob plant
  6490 | D:7      | Reached XP level 10. HP: 92/92 MP: 12/12
  6571 | D:7      | Reached **** piety under Makhleb
  6596 | D:7      | Reached skill level 10 in Fighting
  6845 | D:7      | Found a snail-covered altar of Cheibriados.
  7012 | D:7      | Found a hide-covered altar of Uskayaw.
  7023 | D:7      | Reached skill level 1 in Armour
  7091 | D:7      | Found a hazy altar of Hepliaklqana.
  7607 | D:8      | Reached skill level 12 in Unarmed Combat
  7607 | D:8      | Reached skill level 5 in Invocations
  7705 | D:8      | Noticed Prince Ribbit
  7712 | D:8      | Killed Prince Ribbit
  7815 | D:8      | Noticed Joseph
  7828 | D:8      | Killed Joseph
  7973 | D:8      | Reached ***** piety under Makhleb
  7984 | D:8      | Noticed an unseen horror
  7986 | D:8      | Killed an unseen horror
  8238 | D:8      | Noticed Erica
  8280 | D:8      | Killed Erica
  8281 | D:8      | Reached XP level 11. HP: 77/99 MP: 5/14
  8390 | D:8      | You fall into a shaft and drop 3 floors!
  8435 | D:10     | Entered Level 10 of the Dungeon
  8503 | D:10     | Reached skill level 5 in Shields
  8674 | D:10     | Found a portal to a secret trove of treasure.
  8700 | D:10     | Found a flagged portal.
  8708 | Bailey   | Entered a bailey
  8713 | Bailey   | Noticed an orc warlord
  8796 | Bailey   | Found a runed translucent gate.
  8798 | Bailey   | Found a runed translucent gate.
  8912 | Bailey   | Found a runed translucent gate.
  8940 | Bailey   | Killed an orc warlord
  8941 | Bailey   | Reached skill level 13 in Unarmed Combat
  8982 | Bailey   | Reached skill level 14 in Unarmed Combat
  8982 | Bailey   | Reached XP level 12. HP: 106/106 MP: 14/16
  9049 | D:9      | Found a staircase to the Lair.
  9115 | D:9      | Noticed Erolcha
  9121 | D:9      | Killed Erolcha
  9692 | D:9      | Found an iron altar of Okawaru.
  9722 | D:9      | Noticed a two-headed ogre
  9726 | D:9      | Killed a two-headed ogre
  9955 | D:9      | Found a shimmering blue altar of Sif Muna.
 10036 | D:10     | Found a radiant altar of Vehumet.
 10168 | D:10     | Found a staircase to the Orcish Mines.
 10212 | D:10     | Reached ****** piety under Makhleb
 11148 | D:11     | Noticed a two-headed ogre
 11153 | D:11     | Killed a two-headed ogre
 11154 | D:11     | Reached skill level 15 in Unarmed Combat
 11513 | D:12     | Noticed a two-headed ogre
 11577 | D:12     | Found a frozen archway.
 11636 | IceCv    | Entered an ice cave
 11894 | IceCv    | Reached XP level 13. HP: 113/113 MP: 18/18
 11958 | IceCv    | Noticed a reaper
 11976 | IceCv    | Killed a reaper
 12102 | IceCv    | Got the Almanac of Pollution and Violence
 12212 | D:12     | Noticed Azrael
 12552 | Lair:1   | Entered Level 1 of the Lair of Beasts
 12932 | Lair:1   | Reached skill level 16 in Unarmed Combat
 13587 | Lair:2   | Found a gate leading to a gauntlet.
 13614 | Gauntlet | Entered a Gauntlet
 13614 | Gauntlet | Found a transporter.
 13621 | Gauntlet | Found a transporter.
 13621 | Gauntlet | Found a transporter.
 13630 | Gauntlet | Found a transporter.
 13633 | Gauntlet | Found a transporter.
 13644 | Gauntlet | Found a transporter.
 13645 | Gauntlet | Found a transporter.
 13649 | Gauntlet | Found a runed translucent door.
 13650 | Gauntlet | Found a transporter.
 13653 | Gauntlet | Found a runed translucent door.
 13658 | Gauntlet | Found a transporter.
 13670 | Gauntlet | Found a transporter.
 13679 | Gauntlet | Found a transporter.
 13700 | Gauntlet | Found a transporter.
 13724 | Gauntlet | Found a transporter.
 13736 | Gauntlet | Found a transporter.
 13740 | Gauntlet | Found a runed translucent door.
 13811 | Gauntlet | Identified the +0 pair of gloves of Sibrufim {Rampage
                  | *Corrode *Slow SInv}
 13826 | Gauntlet | Reached skill level 10 in Armour
 13919 | Gauntlet | Noticed an ironbound thunderhulk
 13921 | Gauntlet | Noticed an ironbound thunderhulk
 13984 | Gauntlet | Identified the ring of the Purple Skies {rN+ Int+7}
 14154 | Gauntlet | Identified the +5 acid dragon scales of Truth {Rampage
                  | rPois rCorr}
 14154 | Gauntlet | Identified the ring of Ameph {rC+ Str-4 Int+7}
 14154 | Gauntlet | Noticed a minotaur
 14193 | Gauntlet | Killed a minotaur
 14201 | Gauntlet | Identified the +0 cloak "Koqys" {rPois rC+ Str-3 Slay+3}
 14410 | Lair:2   | Reached skill level 10 in Invocations
 15119 | Lair:2   | Found a staircase to the Shoals.
 15402 | Lair:3   | Found a hole to the Spider Nest.
 15404 | Lair:3   | Reached XP level 14. HP: 121/121 MP: 20/20
 15548 | Lair:3   | Reached skill level 17 in Unarmed Combat
 15690 | Lair:3   | Reached skill level 1 in Stealth
 15892 | Lair:3   | Noticed Amaemon
 15936 | Lair:3   | Killed Amaemon
 17168 | Lair:5   | Entered Level 5 of the Lair of Beasts
 17173 | Lair:5   | Reached skill level 5 in Stealth
 17210 | Lair:4   | Reached skill level 5 in Dodging
 17468 | Lair:5   | Found a staircase to the Slime Pits.
 17839 | Lair:5   | Reached XP level 15. HP: 115/126 MP: 20/22
 18451 | Lair:5   | Reached skill level 18 in Unarmed Combat
 18545 | Lair:5   | Found the ring of the Octopus King
 18554 | Lair:5   | Identified a ring of the Octopus King {HP+2 MP+9 AC+2 EV+2
                  | SH+2}
 18573 | Lair:5   | Got the Lectures on Floating Evolution
 18763 | Lair:5   | Found a runed translucent gate.
 18764 | Lair:5   | Found a runed translucent gate.
 18764 | Lair:5   | Found a runed translucent gate.
 18766 | Lair:5   | Noticed Muulud's ghost (journeyman SpBe)
 18804 | Lair:5   | Killed Muulud's ghost
 19694 | D:13     | Found Toili's Distillery.
 19696 | D:13     | Noticed Frances
 19717 | D:13     | HP: 3/128 [Frances/+0 halberd (16)]
 19718 | D:13     | Killed Frances
 19728 | D:13     | Bought a potion of resistance for 160 gold pieces
 20016 | D:13     | Killed from afar by a gargoyle (illusionary)

Illustrated notes

Levels and vault maps discovered:
D:1:      arrival_aquarium_b, layout_rooms, ebering_ecumenical_altar_abandoned
D:2:      layout_basic, nrook_loot_triangle, minmay_cut_off
D:3:      lemuel_castle_with_subvaults [lemuel_castle_interior_carwin_3],
          layout_loops_ring, nemelex_spade_bored_becter, serial_shops, shop,
          nicolae_shop_gaudy_bauble, gammafunk_ghost_abyssal_escape
D:4:      layout_basic, temple_statues, nicolae_zen_rock_garden,
          mrwooster_statue_mirror, uniq_sigmund
D:5:      kennysheep_kobold_camp, layout_loops_ring,
          mainiacjoe_overflow_alcove_1, serial_shops,
          nicolae_shop_pleasant_corner_grove, nzn_random_ring
D:6:      layout_cave_pools, tgw_kikubaaqudgha, tgw_fedhas,
          nicolae_ru_sacrificial_ziggurat, serial_shops,
          nicolae_shop_bloodbath_and_beyond, serial_gnoll_camp,
          gnoll_camp_mini_hut, gnoll_camp_mini_sergeant, gnoll_camp_mini_house,
          gnoll_camp_mini_hut, corexii_checkpoint_a, uniq_crazy_yiuf_cottage
D:7:      layout_basic, overflow_temple_1_default, nicolae_uskayaw_dance_studio,
          gammafunk_temple_overflow_elements, minmay_fractal_squares_diagonal_5
D:8:      lemuel_slime, layout_basic, uniq_prince_ribbit1, uniq_erica,
          uniq_joseph
D:9:      layout_big_octagon, okawaru_altar_gauntlet_db, kennysheep_little_box,
          tso_oasis_becter, lair_entry_dummy, uniq_erolcha
D:10:     layout_loops_ring, amcnicky_altar_gilded, hiddenorc2_lemuel,
          enter_trove_6, enter_bailey_2
D:11:     layout_cave_pods
D:12:     layout_roguey, portal_ice_cave_entry_ice_simulacra, uniq_azrael
D:13:     layout_cave_pools, grunt_vaults_entry_tiered, serial_shops,
          nicolae_shop_advertising_works [nicolae_subvault_shop_adworks], shop,
          nicolae_shop_hallway_stairs, onia_ninara_dug_in_and_dangerous,
          uniq_frances, uniq_snorg, uniq_nessos, uniq_kirke
Temple:   jpeg_temple_island
Lair:1:   layout_regular_city, grunt_megastairs_3
Lair:2:   layout_hall_layers, elwin_shoals_entry_stream, gauntlet_entry_generic,
          wad_woods_river_01
Lair:3:   layout_chaotic_city, hellmonk_spider_entry_not_the_bees, uniq_amaemon
Lair:4:   layout_concentric_octagons
Lair:5:   gammafunk_lair_ancient_temple, layout_big_grid,
          dpeg_slime_entry_enclosed, gammafunk_ghost_necromancy

Skill      XL: |  1  2  3  4  5  6  7  8  9 10 11 12 13 14 15 |
---------------+----------------------------------------------+-----
Unarmed Combat | 4 5 6 7 8 10 11 12 14 15 16 17 18 | 18.3
Fighting       | 4 5 6 7 9 10 | 10.0
Invocations    | 1 4 5 7 8 10 11 12 | 12.5
Shields        | 2 4 5 |  5.0
Armour         | 3 7 8 10 11 | 11.0
Stealth        | 6 |  6.0
Dodging        | 6 8 |  8.9

Action                     |  1- 3 |  4- 6 |  7- 9 | 10-12 | 13-15 || total
---------------------------+-------+-------+-------+-------+-------++-------
  Melee: Unarmed           |    87 |   201 |   387 |   674 |  1128 ||  2477
  Throw: Throwing net      |       |       |     1 |       |       ||     1
 Invoke: Minor Destruction |       |       |       |    20 |    15 ||    35
         Lesser Servant of |       |       |       |     3 |     7 ||    10
         Major Destruction |       |       |       |       |     1 ||     1
    Use: Potion            |       |     1 |     2 |     4 |    10 ||    17
         Scroll            |       |       |     7 |    12 |     9 ||    28
   Stab: Held in net/web   |       |       |     1 |       |       ||     1
         Invisible         |       |       |       |     1 |     4 ||     5
         Distracted        |       |       |       |       |     2 ||     2
 Armour: Robe              |     9 |       |       |       |       ||     9
         Ring mail         |       |    38 |       |       |       ||    38
         Chain mail        |       |    32 |   173 |   127 |       ||   332
         Plate armour      |       |       |       |   179 |   717 ||   896
  Dodge: Dodged            |    42 |    88 |   137 |   296 |   829 ||  1392
  Block: Buckler           |       |       |    12 |   132 |   288 ||   432

Table legend: (Time is in decaauts)
 A = Elapsed time spent in this place.
 B = Non-inter-level travel time spent in this place.
 C = Inter-level travel time spent in this place.
 D = Time resting spent in this place.
 E = Time spent auto-exploring this place.
 F = Levels seen in this place.
 G = Mean time per level.
                   A        B        C        D        E       F      G
               +--------+--------+--------+--------+--------+-----+--------+
         Total |  19525 |  18403 |   1122 |   1189 |  11950 |  22 |  887.5 |
       Dungeon |  12332 |  11499 |    833 |    538 |   8104 |  13 |  948.6 |
        Temple |    152 |    152 |      0 |    112 |      0 |   1 |  152.0 |
          Lair |   5667 |   5379 |    288 |    209 |   3698 |   5 | 1133.4 |
        Bailey |    270 |    270 |      0 |      0 |      6 |   1 |  270.0 |
      Ice Cave |    530 |    530 |      0 |    106 |    142 |   1 |  530.0 |
      Gauntlet |    572 |    572 |      0 |    224 |      0 |   1 |  572.0 |
               +--------+--------+--------+--------+--------+-----+--------+

Top non-repeatable levels by time:
     D:3: 1631 daAuts
  Lair:5: 1526 daAuts
     D:8: 1216 daAuts
  Lair:2: 1197 daAuts
    D:12: 1189 daAuts
     D:5: 1133 daAuts
  Lair:4: 1085 daAuts
    D:11: 1034 daAuts
     D:6: 1034 daAuts
     D:7: 1022 daAuts
  Lair:1: 1007 daAuts
     D:2: 975 daAuts
    D:10: 931 daAuts
     D:4: 930 daAuts
  Lair:3: 850 daAuts
